 Dungeon Crawl Stone Soup version 0.28.0-1-gb440e238dd (webtiles) character file.

Game seed: 11533080275551437366

7662 issech the Basher (level 10, -2/91 HPs)
             Began as a Troll Monk on Feb 23, 2022.
             Was a Priest of Hepliaklqana.
             Slain by a red ugly thing (6 damage)
             ... on level 8 of the Dungeon.
             The game lasted 00:36:55 (9104 turns).

issech the Basher (Troll Monk)                      Turns: 9104, Time: 00:36:55

Health: -2/91      AC:  7    Str: 21    XL:     10   Next: 99%
Magic:  0/9        EV: 12    Int:  6    God:    Hepliaklqana [***...]
Gold:   335        SH:  0    Dex: 13    Spells: 9/9 levels left

rFire   . . .      SeeInvis .   F - +6 dire flail of Walijeg {vorpal, rC+ Will+ Dex-3}
rCold   + . .      Faith    .   (shield currently unavailable)
rNeg    . . .      Spirit   +   T - +0 troll leather armour
rPois   +          Reflect  .   (helmet restricted)
rElec   .          Harm     .   y - +0 cloak {rPois}
rCorr   +          Rampage  .   (gloves unavailable)
Will    +....                   (boots unavailable)
Stlth   ++........              o - amulet of guardian spirit
HPRegen 1.85/turn               m - ring of resist corrosion
MPRegen 0.11/turn               K - ring of resist corrosion

@: no status effects
A: reduced essence, large, unfitting armour, claws 3, regeneration 1, shaggy fur
1, tough skin 1
a: Renounce Religion, Recall Ancestor, Ancestor Identity, Transference


You were on level 8 of the Dungeon.
You worshipped Hepliaklqana.
Hepliaklqana was most pleased with you.
You visited 2 branches of the dungeon, and saw 9 of its levels.

You collected 426 gold pieces.
You spent 91 gold pieces at shops.

Inventory:

Hand Weapons
 a - a +4 great sword
 b - a +2 flail of protection
 r - a +0 hunting sling
 x - a +3 quarterstaff of chaos
 z - a +0 giant spiked club
 C - a +3 flail
 F - the +6 dire flail of Walijeg (weapon) {vorpal, rC+ Will+ Dex-3}
   (You found it on level 8 of the Dungeon)

   It inflicts extra damage upon your enemies.
   Dex:       It affects your dexterity (-3).
   rC:        It protects you from cold.
   Will:      It increases your willpower.
 G - a +5 falchion
 H - a +2 morningstar of draining
 I - a +3 mace of freezing
 R - a +2 halberd of flaming
Missiles
 d - 98 sling bullets
 e - 206 stones
 i - 96 bolts
 l - 92 arrows
 v - 13 poisoned darts
 A - 5 large rocks (quivered)
 M - a throwing net
 N - 2 boomerangs
Armour
 u - an orb of mayhem
 w - the +1 robe of the Ubiquitous Heron {Rampage rF++}
   (You bought it in a shop on level 3 of the Dungeon)

   rF:        It greatly protects you from fire.
   Rampage:   It bestows one free step when moving towards enemies.
 y - a +0 cloak of poison resistance (worn)
 Q - +0 steam dragon scales
 T - a +0 troll leather armour (worn)
Magical Staves
 t - a staff of earth
Jewellery
 m - a ring of resist corrosion (left claw)
 o - an amulet of guardian spirit (around neck)
 K - a ring of resist corrosion (right claw)
 Y - a +6 ring of intelligence
Wands
 n - a wand of flame (54)
 U - a wand of acid (14)
Scrolls
 h - a scroll of summoning
 k - a scroll of vulnerability
 p - 4 scrolls of fog
 q - a scroll of blinking
 s - 2 scrolls of magic mapping
 B - a scroll of noise
 E - a scroll of identify
 J - 2 scrolls of immolation
 W - a scroll of holy word
Potions
 c - 3 potions of curing {unknown}
 f - 3 potions of brilliance {unknown}
 g - a potion of invisibility {unknown}
 j - 2 potions of attraction {unknown}
 D - 2 potions of heal wounds
 L - a potion of might {unknown}
 S - a potion of berserk rage {unknown}
 V - a potion of lignification {unknown}
 X - a potion of resistance


   Skills:
 + Level 7.2 Fighting
 + Level 10.3 Maces & Flails
 + Level 0.5 Throwing
 + Level 2.5 Armour
 + Level 7.4 Dodging
 + Level 3.2 Stealth


You had 9 spell levels left.
You didn't know any spells.
Your spell library contained the following spells:

 Spells                   Type           Power      Damage    Failure   Level
 Beastly Appendage        Tmut           0%         N/A       50%         1
 Wereblood                Tmut           0%         N/A       65%         2
 Ozocubu's Armour         Ice            0%         N/A       86%         3
 Spider Form              Tmut/Pois      0%         N/A       86%         3
 Metabolic Englaciation   Hex/Ice        0%         N/A       100%        5
 Simulacrum               Ice/Necr       0%         N/A       100%        6


Dungeon Overview and Level Annotations

Branches:
Dungeon (8/15)             Temple (1/1) D:6
   Lair: D:8-11

Altars:
Ashenzari
Cheibriados
Dithmenos
Elyvilon
Fedhas
Gozag
Hepliaklqana
Kikubaaqudgha
Makhleb
Nemelex Xobeh
Okawaru
Qazlal
Ru
Sif Muna
Trog
Uskayaw
Vehumet
Wu Jian
Xom
Yredelemnul
Zin
The Shining One

Shops:
D:3 [[[   D:6 *

Annotations:
D:8 2 runed translucent doors


Innate Abilities, Weirdness & Mutations

Your life essence is reduced to manifest your ancestor. (-10% HP)
You are too large for most types of armour.
You have claws for hands.
Your natural rate of healing is unusually fast.
You are covered in fur. (AC +1)
You have tough skin. (AC +1)


Message History

The brown ugly thing basks in the mutagenic energy from its kin and changes!
The cyan ugly thing misses you.
There is an open translucent gate, spattered with blood here.
You see here an ugly thing corpse.
You hit the cyan ugly thing.
The cyan ugly thing is lightly wounded.
You closely miss the cyan ugly thing.
The cyan ugly thing is lightly wounded.
The cyan ugly thing stings you but does no damage.
Bintanath hits the cyan ugly thing with a +0 quarterstaff!
You bludgeon the cyan ugly thing!!
The cyan ugly thing is heavily wounded.
The cyan ugly thing stings you! The cyan ugly thing shocks you!
The red ugly thing completely misses you.
Bintanath hits the cyan ugly thing with a +0 quarterstaff!
You catch the helpless cyan ugly thing completely off-guard!
You puncture the cyan ugly thing!
The cyan ugly thing is almost dead.
The cyan ugly thing closely misses Bintanath.
The green ugly thing barely misses you. The red ugly thing misses you.
Bintanath casts a spell at the cyan ugly thing.
The stone arrow hits the cyan ugly thing!
The cyan ugly thing dies!
Found a runed translucent gate.
The red ugly thing kicks you.
You are engulfed in flames!
The green ugly thing claws you! The red ugly thing tentacle-slaps you.
You are engulfed in flames!
Bintanath hits the red ugly thing with a +0 quarterstaff!
You see here an ugly thing corpse.
You puncture the green ugly thing!
The green ugly thing is moderately wounded.
The red ugly thing basks in the mutagenic energy from its kin and changes!
The green ugly thing barely misses you. The red ugly thing tentacle-slaps you!
* * * LOW HITPOINT WARNING * * *
You are engulfed in flames!!
* * * LOW HITPOINT WARNING * * *
Bintanath hits the red ugly thing with a +0 quarterstaff!
The green ugly thing claws you.
* * * LOW HITPOINT WARNING * * *
The red ugly thing tentacle-slaps you.
You die...

++# # #.# #.#### .§ .# #.# #.# #
!#...#. #.# #.# # #
##§#.#.####.###.# ####
#§#...#.##......# ...#
#...#...##......# ##.########
#.#u..#.##......#### #.........#
#.u†u!..##.........# #..######.#
###@R'####.....###.#
#.)######.####.......####..####.#
#..[))................# #..###<..
...######.##.###..##### #..##....
#..# #.##.# #.## #..##.... #..#
#.##.###.########..##.... #..#
#.##..............)##.... ...#
#.##############...)..... ..##
#.##############..###....


You could see the friendly Bintanath the battlemage and 3 ugly things.

Vanquished Creatures
  An ugly thing (D:8)
  The ghost of browni3141 the Skirmisher, a novice MiFi (D:4)
  Maggie (D:7)
  Eustachio (D:4)
  2 yaks (D:8)
  A steam dragon (D:8)
  Menkaure (D:7)
  Edmund (D:4)
  2 water moccasins
  An orc warrior (D:8)
  2 ice beasts
  An ogre (D:4)
  A lemure (D:7)
  A phantom (D:6)
  A bullfrog (D:6)
  A wyvern zombie (D:8)
  A scorpion (D:5)
  2 killer bees (D:7)
  17 wights
  2 howler monkeys (D:8)
  2 hounds
  Crazy Yiuf (D:4)
  2 orc priests
  2 iguanas
  A jelly (D:6)
  Natasha (twice) (D:2)
  An orc wizard (D:5)
  A killer bee zombie (D:6)
  A hound skeleton (D:4)
  Robin (D:3)
  10 gnolls
  9 adders
  A shadow imp (D:5)
  2 white imps
  A dart slug (D:3)
  8 orcs
  4 ball pythons
  2 endoplasms
  2 giant cockroaches
  14 goblins
  12 hobgoblins
  6 jackals
  10 kobolds
  3 quokkas
  7 bats
  4 frilled lizards
  10 rats
  A toadstool (D:1)
161 creatures vanquished.

Vanquished Creatures (collateral kills)
  Harold (D:7)
  The ghost of axecop the Cleaver, a novice HODe of Makhleb (D:6)
  Pikel (D:7)
  An ugly thing (D:8)
  A troll (D:7)
  A hornet (D:8)
  A yak (D:8)
  Duvessa (D:7)
  A hornet zombie (D:7)
  An ice beast (D:6)
  Dowan (D:7)
  3 killer bees (D:7)
  5 wights (D:8)
  A howler monkey (D:8)
  An electric eel (D:6)
  A bullfrog zombie (D:6)
  A centaur zombie (D:6)
  A bullfrog skeleton (D:6)
  An orc priest (D:8)
  3 orc wizards (D:8)
  A killer bee zombie (D:6)
  An adder (D:6)
  A shadow imp (D:6)
  2 orcs
33 creatures vanquished.

Vanquished Creatures (others)
  A battlemage (D:7)
  14 plants (D:1)
  4 toadstools (D:1)
19 creatures vanquished.

Grand Total: 213 creatures vanquished

Notes
Turn   | Place    | Note
-------+----------+-------------------------------------------
     0 | D:1      | issech the Troll Monk began the quest for the Orb.
     0 | D:1      | Reached XP level 1. HP: 22/22 MP: 0/0
   329 | D:1      | Reached XP level 2. HP: 29/29 MP: 1/1
   359 | D:1      | Reached skill level 3 in Maces & Flails
   943 | D:1      | Reached XP level 3. HP: 35/36 MP: 2/2
  1393 | D:2      | Found a faded altar of an unknown god.
  1616 | D:2      | Reached XP level 4. HP: 44/44 MP: 3/3
  1617 | D:2      | Noticed Natasha
  1664 | D:2      | Killed Natasha
  2007 | D:2      | Noticed Natasha
  2183 | D:2      | Killed Natasha
  2184 | D:2      | Reached skill level 4 in Maces & Flails
  2184 | D:2      | Reached XP level 5. HP: 48/53 MP: 4/4
  2324 | D:3      | Noticed Robin
  2364 | D:3      | Killed Robin
  2510 | D:3      | Found Zithid's Antique Armour Boutique.
  2558 | D:3      | Found Lalatusor's Antique Armour Shop.
  2792 | D:3      | Reached XP level 6. HP: 35/61 MP: 2/5
  2813 | D:3      | Found Lousin's Armour Boutique.
  3071 | D:3      | Bought an ominously black robe for 91 gold pieces
  3071 | D:3      | Identified the +1 robe of the Ubiquitous Heron {Rampage
                  | rF++} (You bought it in a shop on level 3 of the Dungeon)
  3677 | D:4      | Noticed Edmund
  3906 | D:4      | Killed Edmund
  4068 | D:4      | Found a runed translucent door.
  4069 | D:4      | Noticed Crazy Yiuf
  4075 | D:4      | Killed Crazy Yiuf
  4283 | D:4      | Noticed Eustachio
  4296 | D:4      | Reached skill level 5 in Maces & Flails
  4308 | D:4      | Killed Eustachio
  4309 | D:4      | Reached XP level 7. HP: 47/68 MP: 2/6
  4535 | D:5      | Entered Level 5 of the Dungeon
  4542 | D:5      | Found a runed translucent gate.
  4542 | D:5      | Found a runed translucent gate.
  4543 | D:5      | Found a runed translucent gate.
  4543 | D:5      | Noticed browni3141's ghost (novice MiFi)
  5081 | D:4      | Killed browni3141's ghost
  5082 | D:4      | Reached skill level 6 in Maces & Flails
  5082 | D:4      | Reached skill level 5 in Dodging
  5082 | D:4      | Reached XP level 8. HP: 48/79 MP: 3/7
  5687 | D:6      | Reached skill level 5 in Fighting
  5753 | D:6      | Reached skill level 7 in Maces & Flails
  6098 | D:6      | Reached XP level 9. HP: 31/59 MP: 2/8
  6143 | D:6      | Found a staircase to the Ecumenical Temple.
  6306 | Temple   | Entered the Ecumenical Temple
  6645 | Temple   | Became a worshipper of Hepliaklqana the Forgotten
  6645 | Temple   | Reached * piety under Hepliaklqana
  6645 | Temple   | Reached ** piety under Hepliaklqana
  6646 | Temple   | Remembered your ancestor Bintanath as a battlemage
  6796 | D:6      | Found Galen's General Store.
  7072 | D:6      | Found a runed translucent gate.
  7072 | D:6      | Found a runed translucent gate.
  7072 | D:6      | Found a runed translucent gate.
  7072 | D:6      | Noticed axecop's ghost (novice HODe)
  7074 | D:6      | Found a basalt altar of Yredelemnul.
  7306 | D:6      | Killed axecop's ghost
  7307 | D:6      | Reached skill level 8 in Maces & Flails
  7437 | D:7      | Noticed Maggie
  7455 | D:7      | Noticed Pikel
  7457 | D:7      | Killed Maggie
  7459 | D:7      | Noticed Dowan
  7466 | D:7      | Noticed Harold
  7470 | D:7      | Noticed Duvessa
  7472 | D:7      | Killed Pikel
  7473 | D:7      | Reached skill level 9 in Maces & Flails
  7473 | D:7      | Reached XP level 10. HP: 90/90 MP: 9/9
  7596 | D:7      | Killed Duvessa
  7597 | D:7      | Killed Dowan
  7681 | D:7      | Killed Harold
  8044 | D:7      | Noticed Menkaure
  8051 | D:7      | Killed Menkaure
  8159 | D:7      | Reached *** piety under Hepliaklqana
  8462 | D:8      | Found a runed translucent gate.
  8463 | D:8      | Found a runed translucent gate.
  8463 | D:8      | Found a runed translucent gate.
  8466 | D:8      | Noticed a brown ugly thing
  8466 | D:8      | Noticed a red ugly thing
  8467 | D:8      | Noticed a red ugly thing
  8476 | D:8      | Noticed a purple ugly thing
  8562 | D:8      | Reached skill level 1 in Armour
  8710 | D:8      | Reached skill level 10 in Maces & Flails
  8874 | D:8      | Identified the +6 dire flail of Walijeg {vorpal, rC+ Will+
                  | Dex-3}
  9089 | D:8      | Noticed a brown ugly thing
  9096 | D:8      | Killed a purple ugly thing
  9101 | D:8      | Killed a cyan ugly thing
  9102 | D:8      | Found a runed translucent gate.
  9102 | D:8      | Found a runed translucent gate.
  9104 | D:8      | HP: 4/91 [green ugly thing (5)]
  9104 | D:8      | Slain by a red ugly thing

Illustrated notes

Levels and vault maps discovered:
D:1:      ldierk_walled_garden, layout_loops_corners, minmay_misc_feat_chi,
          lexackson_kobold_supper
D:2:      layout_loops_cross, dreamdust_ecumenical_altar_statues, uniq_natasha
D:3:      layout_loops_corners, serial_shops, nicolae_shop_crystal,
          nicolae_lakefront_shop, shop, dk_noncrumbling_2, uniq_robin
D:4:      layout_gridville, uniq_eustachio, uniq_crazy_yiuf_cottage, uniq_edmund
D:5:      layout_cave_pools, ebering_ghost_rock_garden
D:6:      layout_cave_pods, nicolae_yredelemnul_ghost_church,
          minmay_temple_entry_junction, serial_shops,
          nicolae_inconvenience_store
D:7:      layout_basic, uniq_duvessa, uniq_harold, uniq_menkaure, uniq_pikel,
          uniq_maggie
D:8:      layout_loops_ring, ploomutoo_gammafunk_ghost_potion_laboratory
Temple:   mainiacjoe_temple_circle_huts

Skill      XL: |  1  2  3  4  5  6  7  8  9 10 |
---------------+-------------------------------+-----
Maces & Flails | 3 4 5 6 7 9 10 | 10.3
Dodging        | 3 4 5 6 7 |  7.4
Fighting       | 3 4 5 6 7 |  7.2
Stealth        | 2 3 |  3.2
Armour         | 2 |  2.5
Throwing       | |  0.5

Action                   |  1- 3 |  4- 6 |  7- 9 | 10-12 || total
-------------------------+-------+-------+-------+-------++-------
Melee: Mace              |   223 |   244 |       |       ||   467
       Punch             |     4 |     3 |     8 |       ||    15
       Flail             |       |    32 |   320 |    40 ||   392
       Morningstar       |       |       |       |    60 ||    60
       Dire flail        |       |       |       |     8 ||     8
Throw: Stone             |       |       |     1 |       ||     1
       Large rock        |       |       |     2 |       ||     2
Invok: Ancestor Life: Ba |       |       |     1 |       ||     1
  Use: Scroll            |       |       |     7 |     1 ||     8
 Stab: Sleeping          |     2 |     2 |     1 |       ||     5
       Distracted        |       |       |     4 |     2 ||     6
Armor: Robe              |    85 |   112 |   124 |    16 ||   337
       Troll leather arm |       |       |       |    23 ||    23
Dodge: Dodged            |    90 |   192 |   163 |    69 ||   514
